 Dungeon Crawl Stone Soup version 0.31-a0-210-gccc998df9b (webtiles) character file.

Game seed: 9893128959636617642

790 Ijustatesigmund the Tainter (level 7, -1/50 HPs)
             Began as an Octopode Venom Mage on June 29, 2023.
             Succumbed to a water moccasin's poison
             ... on level 5 of the Dungeon.
             The game lasted 00:12:02 (6810 turns).

Ijustatesigmund the Tainter (Octopode Venom Mage)   Turns: 6810, Time: 00:12:02

Health: -1/50      AC:  5    Str:  8    XL:     7   Next: 87%
Magic:  12/16      EV: 13    Int: 19    God:
Gold:   260        SH:  0    Dex: 12    Spells: 5/18 levels left

rFire   . . .        k - staff of conjuration
rCold   . . .        (no shield)
rNeg    . . .        (helmet restricted)
rPois   .            (no amulet)
rElec   .            f - ring of see invisible
rCorr   .            g - +4 ring of protection
SInv    +            (no ring)
Will    .....        (no ring)
Stlth   +++          (no ring)
HPRegen 0.28/turn    (no ring)
MPRegen 0.15/turn    (no ring)
                     (no ring)

%: no passive effects
@: lethally poisoned (-1 -> -33)
A: almost no armour, amphibious, 8 rings, camouflage 1, gelatinous body 1,
(nimble swimmer 1), tentacles
a: no special abilities


You were on level 5 of the Dungeon.
You visited 1 branch of the dungeon, and saw 5 of its levels.

You collected 260 gold pieces.

Inventory:

Hand Weapons
 c - a +0 spear
Magical Staves
 k - a staff of conjuration (weapon)
Jewellery
 f - a ring of see invisible (left tentacle)
 g - a +4 ring of protection (right tentacle)
Scrolls
 b - 6 scrolls of identify
 d - a scroll of enchant armour
 h - a scroll of immolation
 l - a scroll of fear
 m - 2 scrolls of poison
Potions
 a - 2 potions of magic
 i - a potion of enlightenment
 j - a potion of cancellation
 n - a potion of might


   Skills:
 - Level 5.3 Fighting
 - Level 2.0 Dodging
 - Level 2.6 Stealth
 + Level 6.0 Spellcasting
 + Level 5.9 Conjurations
 - Level 1.0 Transmutations
 + Level 6.0 Air Magic
 + Level 8.3 Poison Magic
 + Level 1.5 Evocations


You had 5 spell levels left.
You knew the following spells:

 Your Spells              Type           Power      Damage    Failure   Level
a - Sting                 Tmut/Pois      92%        1d7       1%          1
b - Poisonous Vapours     Pois/Air       66%        N/A       1%          2
c - Mephitic Cloud        Conj/Pois/Air  47%        N/A       1%          3
d - Olgreb's Toxic Radia  Pois           37%        N/A       3%          4
e - Swiftness             Air            28%        N/A       2%          3

Your spell library contained the following spells:

 Spells                   Type           Power      Damage    Failure   Level
 Passwall                 Tmut/Erth      5%         N/A       14%         2
 Ensorcelled Hibernation  Hex/Ice        10%        N/A       17%         2


Dungeon Overview and Level Annotations

Branches:
Dungeon (5/15)
 Temple: D:4-7

Altars:
Nemelex Xobeh
Lugonu

Portals:
Abyss: D:3

Annotations:
D:3 2 runed translucent doors, Grinder


Innate Abilities, Weirdness & Mutations

You cannot wear most types of armour.
You are amphibious.
You can wear up to eight rings at the same time.
Your skin changes colour to match your surroundings (Stealth+).
Your rubbery body absorbs attacks. (AC +1, EV +1)
((You are camouflaged when in or above water. (Stealth+)))
You have tentacles for arms and can constrict up to eight enemies at once.


Message History

You closely miss the water moccasin. Your grab misses the water moccasin.
You squeeze the water moccasin, but do no damage.
The water moccasin is moderately wounded.
The water moccasin bites you.
You are poisoned.
The water moccasin poisons you! The adder barely misses you.
You closely miss the water moccasin. Your grab misses the water moccasin.
The water moccasin is moderately wounded.
You feel very sick. The water moccasin bites you.
You are more poisoned.
The water moccasin poisons you! The adder bites you.
You are more poisoned.
The adder poisons you! The water moccasin bites you.
Casting: Poisonous Vapours (safe; 1% risk of failure)
Confirm with . or Enter, or press ? or * to list all spells.
You begin to radiate toxic energy.
The adder is poisoned.
The adder looks even sicker.
You feel extremely sick. The adder bites you but does no damage.
The water moccasin barely misses you.
The adder looks even sicker.
Your toxic aura wanes.
You feel very sick.
You kill the adder!
The water moccasin bites you.
You hit the water moccasin.
You blast the water moccasin.
You grab the water moccasin. Your squeeze misses the water moccasin.
The water moccasin is heavily wounded.
You constrict the water moccasin.
* * * LOW HITPOINT WARNING * * *
You feel very sick. The water moccasin bites you.
* * * LOW HITPOINT WARNING * * *
You are more poisoned.
The water moccasin poisons you! The water moccasin bites you.
* * * LOW HITPOINT WARNING * * *
You hit the water moccasin.
The water moccasin is severely wounded.
You constrict the water moccasin.
You die...

..........# #..
..........#### #.#
.............# #.#
..<.......##.# #.#
...)......##.####.#
..........##...##.#
##############....#
###..### #@...#
#...S##.# .....>###
.# ...... # .....
..... .... ....


You could see a water moccasin.

Vanquished Creatures
  A phantom (D:4)
  2 scorpions
  An orc priest (D:5)
  3 orc wizards
  Natasha (thrice) (D:3)
  Robin (D:2)
  6 gnolls (D:2)
  6 adders
  A shadow imp (D:4)
  An ufetubus (D:5)
  2 dart slugs
  9 orcs
  6 ball pythons
  2 endoplasms
  5 giant cockroaches
  20 goblins
  11 hobgoblins
  3 jackals (D:2)
  2 bats
  4 frilled lizards
  8 kobolds
  2 rats
99 creatures vanquished.

Notes
Turn   | Place    | Note
-------+----------+-------------------------------------------
     0 | D:1      | Ijustatesigmund the Octopode Venom Mage began the quest for
                  | the Orb.
     0 | D:1      | Reached XP level 1. HP: 11/11 MP: 3/3
   254 | D:1      | Reached XP level 2. HP: 18/18 MP: 3/5
   257 | D:1      | Learned a level 2 spell: Poisonous Vapours
   338 | D:1      | Reached skill level 1 in Fighting
   748 | D:1      | Reached skill level 4 in Poison Magic
  1441 | D:2      | Found a sparkling altar of Nemelex Xobeh.
  1449 | D:2      | Reached XP level 3. HP: 23/23 MP: 1/6
  1453 | D:2      | Learned a level 3 spell: Mephitic Cloud
  1834 | D:2      | Reached skill level 1 in Air Magic
  1861 | D:2      | Reached skill level 1 in Conjurations
  1861 | D:2      | Reached XP level 4. HP: 14/28 MP: 1/7
  2188 | D:2      | Noticed Robin
  2673 | D:2      | Killed Robin
  2918 | D:2      | Reached XP level 5. HP: 15/33 MP: 7/9
  2946 | D:2      | HP: 1/33 [gnoll/+0 halberd (13)]
  3197 | D:2      | Learned a level 4 spell: Olgreb's Toxic Radiance
  3230 | D:2      | Found a faded altar of an unknown god.
  3522 | D:3      | Noticed Natasha
  3551 | D:3      | Killed Natasha
  3760 | D:3      | Found a large runed translucent door.
  3760 | D:3      | Found a large runed translucent door.
  3760 | D:3      | Found a corrupted altar of Lugonu.
  3760 | D:3      | Noticed Grinder
  3853 | D:3      | Noticed Natasha
  3858 | D:3      | Killed Natasha
  3921 | D:3      | Reached skill level 5 in Fighting
  3921 | D:3      | Reached skill level 5 in Spellcasting
  3921 | D:3      | Reached skill level 5 in Conjurations
  3921 | D:3      | Reached skill level 5 in Air Magic
  3921 | D:3      | Reached skill level 8 in Poison Magic
  3921 | D:3      | Reached XP level 6. HP: 45/45 MP: 9/14
  3965 | D:3      | Noticed Natasha
  3972 | D:3      | Killed Natasha
  4168 | D:3      | Found a one-way gate to the infinite horrors of the Abyss.
  4831 | D:4      | Identified the +0 ring mail of the Endless Expanse {rElec
                  | Regen+ Int-3 Dex+2}
  4871 | D:4      | Reached XP level 7. HP: 50/50 MP: 8/15
  6321 | D:4      | Reached skill level 1 in Evocations
  6448 | D:5      | Entered Level 5 of the Dungeon
  6453 | D:5      | Learned a level 3 spell: Swiftness
  6810 | D:5      | Succumbed to a water moccasin's poison

Illustrated notes

Levels and vault maps discovered:
D:1:      evilmike_arrival_hilbert_curve, layout_basic
D:2:      layout_loops_corners, basic_altar,
          dreamdust_ecumenical_altar_angels_and_demons,
          kennysheep_generic_room_10, uniq_robin
D:3:      due_chaos_kobolds, layout_basic, hangedman_abyss_or_decor_stabs,
          minmay_strange_pillars, uniq_grinder, uniq_natasha
D:4:      layout_basic, minmay_misc_feat_tower,
          nicolae_concentric_dashed_squares_wild
D:5:      layout_rooms

Skill      XL: |  1  2  3  4  5  6  7 |
---------------+----------------------+-----
Fighting       | 1 5 |  5.3
Poison Magic   | 4 8 |  8.3
Air Magic      | 1 5 6 |  6.0
Conjurations   | 1 5 |  5.9
Spellcasting   | 5 6 |  6.0
Evocations     | 1 |  1.5
Dodging        | |  2.0
Stealth        | |  2.6
Transmutations | |  1.0

Action                     |  1- 3 |  4- 6 |  7- 9 || total
---------------------------+-------+-------+-------++-------
  Melee: Spear             |    56 |    72 |       ||   128
         Constrict         |    14 |    21 |    10 ||    45
         Unarmed           |     2 |       |       ||     2
         Tentacles         |     5 |    12 |    10 ||    27
         Punch             |     1 |     3 |       ||     4
         Staff             |       |    10 |    69 ||    79
   Cast: Sting             |     4 |     1 |     2 ||     7
         Poisonous Vapours |    25 |    31 |    12 ||    68
         Mephitic Cloud    |     1 |     3 |       ||     4
         Olgreb's Toxic Ra |       |     3 |     7 ||    10
    Use: Scroll            |       |     6 |     6 ||    12
         Potion            |       |     2 |     1 ||     3
   Stab: Sleeping          |     3 |     2 |     1 ||     6
         Confused          |       |     1 |       ||     1
 Armour: Skin              |     3 |     3 |    13 ||    19
  Dodge: Dodged            |    29 |    35 |    50 ||   114

Table legend: (Time is in decaauts)
 A = Elapsed time spent in this place.
 B = Non-inter-level travel time spent in this place.
 C = Inter-level travel time spent in this place.
 D = Time resting spent in this place.
 E = Time spent auto-exploring this place.
 F = Levels seen in this place.
 G = Mean time per level.
                   A        B        C        D        E       F      G
               +--------+--------+--------+--------+--------+-----+--------+
         Total |   6855 |   6761 |     94 |   2356 |   3666 |   5 | 1371.0 |
       Dungeon |   6855 |   6761 |     94 |   2356 |   3666 |   5 | 1371.0 |
               +--------+--------+--------+--------+--------+-----+--------+

Top non-repeatable levels by time:
     D:2: 1885 daAuts
     D:1: 1740 daAuts
     D:4: 1691 daAuts
     D:3: 1172 daAuts
     D:5: 366 daAuts
